 Dungeon Crawl Stone Soup version 0.21.0-3-g78d12a8 (webtiles) character file.

963 tidbits the Sneak (level 8, -3/54 HPs)
             Began as an Octopode Abyssal Knight on Jan 9, 2018.
             Was a Believer of Lugonu.
             Slain by a killer bee (9 damage)
             ... on level 5 of the Dungeon.
             The game lasted 00:14:05 (1659 turns).

tidbits the Sneak (Octopode Abyssal Knight)         Turns: 1659, Time: 00:14:05

Health: -3/54      AC:  1    Str: 12    XL:     8   Next: 15%
Magic:  10/11      EV: 20    Int: 14    God:    Lugonu [**....]
Gold:   75         SH:  0    Dex: 16    Spells: 9/11 levels left

rFire    . . .     SeeInvis .   a - +1 short sword
rCold    . . .     Gourm    .   (no shield)
rNeg     . . .     Faith    .   (helmet restricted)
rPois    .         Spirit   .   (no amulet)
rElec    .         Reflect  .   Y - +5 ring of slaying
rCorr    .         Harm     .   H - ring of protection from magic
MR       +....                  v - -2 ring of dexterity (curse)
Stlth    ++++++....             (no ring)
HPRegen  0.18/turn              (no ring)
MPRegen  0.12/turn              (no ring)
                                (no ring)
                                (no ring)

@: agile, lethally poisoned (-3 -> -5)
A: almost no armour, stealthy swim, amphibious, 8 rings, constrict 8, camouflage
1, gelatinous body 1
a: Depart the Abyss, Bend Space, Renounce Religion


You were on level 5 of the Dungeon.
You worshipped Lugonu.
Lugonu was pleased with you.
You were not hungry.

You visited 1 branch of the dungeon, and saw 6 of its levels.
You visited the Abyss 1 time.

You collected 75 gold pieces.

Inventory:

Hand Weapons
 a - a +1 short sword (weapon)
 f - a +0 dagger
 g - a +0 dagger
 p - a +1 war axe of flaming
   (You took it off an orc on level 5 of the Dungeon)
Missiles
 k - 7 tomahawks (quivered)
 m - 18 stones
 r - 21 arrows
Jewellery
 v - a cursed -2 ring of dexterity (on tentacle)
   (You found it on level 5 of the Dungeon)
 H - a ring of protection from magic (right tentacle)
   (You found it on level 4 of the Dungeon)
 Y - a +5 ring of slaying (left tentacle)
   (You found it on level 1 of the Dungeon)
Wands
 d - a wand of flame (31)
 o - a wand of polymorph (6)
Scrolls
 c - a scroll of enchant armour {unknown}
 e - 5 scrolls of identify {unknown}
 j - a scroll of enchant weapon {unknown}
 l - a scroll of noise {unknown}
 n - 3 scrolls of teleportation {unknown}
 s - a scroll of amnesia {unknown}
Potions
 q - 2 potions of cancellation
 w - a potion of invisibility {unknown}
Books
 t - a book of Minor Magic
   (You found it on level 5 of the Dungeon)

   Spells                             Type                      Level
   a - Magic Dart                     Conjuration                  1
   b - Blink                          Translocation                2
   c - Call Imp                       Summoning                    2
   d - Slow                           Hexes                        2
   e - Conjure Flame                  Conjuration/Fire             3
   f - Mephitic Cloud                 Conjuration/Poison/Air       3
Comestibles
 b - 9 rations


   Skills:
 - Level 4.2 Fighting
 - Level 3.6 Short Blades
 - Level 3.8 Dodging
 - Level 7.4 Stealth
 + Level 2.1 Spellcasting
 + Level 2.3 Summonings
 - Level 3.9 Invocations


You had 9 spell levels left.
You knew the following spells:

 Your Spells              Type           Power        Failure   Level  Hunger
i - Call Imp              Summ           #.......     14%         2    ###....


Dungeon Overview and Level Annotations

Branches:
Dungeon (6/15)
 Temple: D:4-7

Altars:
Cheibriados

Annotations:
D:3 Enish's ghost, amateur OpEE
D:4 Natasha


Innate Abilities, Weirdness & Mutations

You cannot wear most types of armour.
You are very stealthy in the water. (Stealth+)
You are amphibious.
You can wear up to eight rings at the same time.
You can use your tentacles to constrict eight enemies at once.
Your skin changes colour to match your surroundings (Stealth+).
Your rubbery body absorbs attacks. (AC +1, EV +1)


Message History

You kill the adder!
Lugonu accepts your kill.
n - 3 scrolls labeled UNITIA QAXKOI (gained 1)
There are no items here.
A killer bee comes into view.
k - 8 tomahawks (gained 1)
You see here a tomahawk.
k - 9 tomahawks (gained 1)
Found a fuming amethyst potion.
Found 10 gold pieces.
Found a scroll labeled BIZUOL DEUMOVU.
Found a runed glass ring.
Found a scale mail.
Found a leather armour.
Found a murky inky potion.
u - a fuming amethyst potion A killer bee comes into view.
You see here 10 gold pieces.
You now have 75 gold pieces (gained 10).
The killer bee moves out of view.
v - a runed glass ring Put on which piece of jewellery? (? for menu, Esc to quit)
You feel clumsy.
Oops, that ring feels deathly cold.
v - a cursed -2 ring of dexterity (on tentacle)
Okay, then.
w - a murky inky potion You see here a scroll labeled BIZUOL DEUMOVU.
Throwing (i - inventory. (,) - cycle):
k - 9 tomahawks (quivered)
Press: ? - help, Shift-Dir - straight line, f - killer bee
Aim: a killer bee (hasn't noticed you)
You throw a tomahawk. The tomahawk misses the killer bee.
The killer bee buzzes angrily.
You hear an angry buzzing noise.
You hit the killer bee but do no damage.
Your grab misses the killer bee. The killer bee stings you.
You are poisoned.
The killer bee poisons you! The killer bee barely misses you.
You hit the killer bee. Your grab misses the killer bee.
The killer bee is moderately wounded.
You feel sick. The killer bee stings you!
A killer bee comes into view.
You hit the killer bee but do no damage.
You grab the killer bee.
The killer bee is moderately wounded.
You constrict the killer bee. The killer bee misses you.
The killer bee stings you!
You hit the killer bee.
The killer bee is heavily wounded.
You constrict the killer bee.
You feel sick. The killer bee stings you.
You are more poisoned.
The killer bee poisons you! The killer bee closely misses you.
You closely miss the killer bee.
The killer bee is severely wounded.
You constrict the killer bee. The killer bee barely misses you.
The killer bee misses you. The killer bee stings you!
* * * LOW HITPOINT WARNING * * *
You are more poisoned.
The killer bee poisons you! The killer bee closely misses you.
You puncture the killer bee!
You kill the killer bee!
Lugonu accepts your kill.
Your Spellcasting skill increases to level 2!
You feel sick. The killer bee stings you.
* * * LOW HITPOINT WARNING * * *
You feel better. The killer bee closely misses you.
The killer bee barely misses you.
It was a potion of magic.
Magic courses through your body. The killer bee barely misses you.
The killer bee closely misses you.
It was a potion of cancellation.
You feel magically purged. The killer bee closely misses you.
The killer bee stings you!
* * * LOW HITPOINT WARNING * * *
You are poisoned.
The killer bee poisons you!
You feel better. The killer bee stings you.
* * * LOW HITPOINT WARNING * * *
You are poisoned.
The killer bee poisons you! The killer bee stings you!
* * * LOW HITPOINT WARNING * * *
Space bends around you!
You blink.
You feel sick.
Throwing (i - inventory. (,) - cycle):
k - 8 tomahawks (quivered)
Press: ? - help, Shift-Dir - straight line, f - killer bee
Aim: a killer bee You throw a tomahawk.
The tomahawk closely misses the killer bee.
You feel sick. The killer bee stings you.
* * * LOW HITPOINT WARNING * * *
The killer bee closely misses you.
You hit the killer bee but do no damage.
Your grab misses the killer bee. Your squeeze misses the killer bee.
The killer bee completely misses you. The killer bee stings you.
* * * LOW HITPOINT WARNING * * *
You closely miss the killer bee. Your grab misses the killer bee.
The killer bee stings you.
* * * LOW HITPOINT WARNING * * *
The killer bee closely misses you.
It was a potion of agility.
You feel agile all of a sudden.
You feel sick. The killer bee stings you!
You die...

####.#####.###
####(#####...#
##.....[.####.#
#........##.....#
#...†....##.....#
#...?....##.....#
#.....(..##.....#
#.[...y..##.....#
#.....@.#########
##......#
###.#### #.# #.#
#.# #.


You could see a killer bee.

Vanquished Creatures
  A hippogriff (D:4)
  A sky beast (D:3)
  A centaur (D:5)
  2 killer bees (D:5)
  2 howler monkeys
  An orc priest (D:5)
  2 hounds (D:5)
  Ijyb (D:3)
  Natasha (D:4)
  3 orc wizards
  3 worker ants
  7 adders
  An ooze (D:2)
  An adder skeleton (D:4)
  2 worms
  3 dart slugs
  4 leopard geckos
  8 orcs
  A ball python (D:3)
  A bat (D:2)
  3 giant cockroaches
  6 goblins
  4 hobgoblins (D:2)
  4 jackals (D:4)
  4 kobolds
  4 quokkas
  2 frilled lizards (D:3)
  A leopard gecko skeleton (D:4)
  3 rats
77 creatures vanquished.

Notes
Turn   | Place    | Note
-------+----------+-------------------------------------------
     0 | Abyss:1  | tidbits the Octopode Abyssal Knight began the quest for the Orb.
     0 | Abyss:1  | Reached XP level 1. HP: 16/16 MP: 2/2
    46 | Abyss:1  | Noticed a large abomination
    48 | D:1      | Escaped the Abyss
   177 | D:2      | Reached XP level 2. HP: 21/21 MP: 3/3
   383 | D:2      | Reached XP level 3. HP: 22/26 MP: 4/4
   395 | D:2      | Reached * piety under Lugonu
   579 | D:3      | Noticed Ijyb
   587 | D:3      | Killed Ijyb
   587 | D:3      | Reached skill level 3 in Dodging
   587 | D:3      | Reached XP level 4. HP: 26/31 MP: 6/6
   592 | D:3      | Reached skill level 3 in Invocations
   628 | D:3      | Reached skill level 3 in Short Blades
   635 | D:3      | Reached XP level 5. HP: 29/37 MP: 7/7
   681 | D:4      | Noticed a hippogriff
   691 | D:4      | Killed a hippogriff
   691 | D:4      | Reached skill level 4 in Fighting
   691 | D:4      | Reached XP level 6. HP: 35/43 MP: 8/8
   698 | D:5      | Entered Level 5 of the Dungeon
   716 | D:5      | Reached skill level 1 in Stealth
   739 | D:5      | Reached skill level 2 in Stealth
   810 | D:5      | Reached skill level 3 in Stealth
   887 | D:4      | Reached skill level 4 in Stealth
   898 | D:4      | Reached XP level 7. HP: 32/48 MP: 9/9
   924 | D:4      | Reached ** piety under Lugonu
  1029 | D:5      | Reached skill level 5 in Stealth
  1249 | D:4      | Noticed Natasha
  1256 | D:4      | Killed Natasha
  1256 | D:4      | Reached skill level 6 in Stealth
  1296 | D:4      | Noticed Natasha
  1368 | D:3      | Found a snail-covered altar of Cheibriados.
  1412 | D:3      | Reached skill level 7 in Stealth
  1423 | D:3      | Noticed Enish's ghost (amateur OpEE)
  1529 | D:5      | Learned a level 2 spell: Call Imp
  1568 | D:5      | Reached skill level 1 in Spellcasting
  1568 | D:5      | Reached skill level 1 in Summonings
  1578 | D:5      | Reached XP level 8. HP: 42/54 MP: 10/10
  1579 | D:5      | Reached skill level 2 in Summonings
  1650 | D:5      | Reached skill level 2 in Spellcasting
  1659 | D:5      | Slain by a killer bee

Skill      XL: |  1  2  3  4  5  6  7  8 |
---------------+-------------------------+-----
Dodging        | 3 |  3.8
Invocations    | 3 |  3.9
Short Blades   | 3 |  3.6
Fighting       | 4 |  4.2
Stealth        | 4 7 |  7.4
Spellcasting   | 1 2 |  2.1
Summonings     | 1 2 |  2.3

Action                   |  1- 3 |  4- 6 |  7- 9 || total
-------------------------+-------+-------+-------++-------
Melee: Short sword       |    45 |    36 |    57 ||   138
       Constrict         |    13 |     9 |    16 ||    38
       Tentacles         |     7 |     7 |    11 ||    25
Throw: Tomahawk          |     1 |    16 |    10 ||    27
Invok: Depart the Abyss  |     1 |       |       ||     1
       Bend Space        |       |       |     1 ||     1
  Use: Potion            |     3 |     1 |     5 ||     9
 Stab: Sleeping          |     5 |     1 |     5 ||    11
  Eat: Chunk             |       |       |     2 ||     2
Armor: Skin              |     1 |     2 |     1 ||     4
Dodge: Dodged            |    21 |    16 |    44 ||    81

Table legend:
 A = Turns spent in this place as a percentage of turns spent in the entire game.
 B = Non-inter-level travel turns spent in this place as a percentage of non-inter-level travel turns spent in the entire game.
 C = Inter-level travel turns spent in this place as a percentage of turns spent in this place.
 D = Turns resting spent in this place as a percentage of non-inter-level travel turns spent in this place.
 E = Turns spent auto-exploring this place as a percentage of non-inter-level travel turns spent in this place.
 F = Non-inter-level travel turns spent in this place divided by the number of levels of this place that you've seen.
                   A       B       C       D       E      F
               +-------+-------+-------+-------+-------+----------------------
         Total | 100.0 | 100.0 |   7.5 |   0.0 |   0.0 | 219.1
       Dungeon |  97.1 |  96.9 |   7.8 |   0.0 |   0.0 | 247.7
         Abyss |   2.9 |   3.1 |   0.0 |   0.0 |   0.0 |  48.0
               +-------+-------+-------+-------+-------+----------------------

Table legend:
 A = Kills in this place as a percentage of kills in entire the game.
 B = Kills by you in this place as a percentage of kills by you in the entire game.
 C = Kills by friends in this place as a percentage of kills by friends in the entire game.
 D = Other kills in this place as a percentage of other kills in the entire game.
 E = Experience gained in this place as a percentage of experience gained in the entire game.
 F = Experience gained in this place divided by the number of levels of this place that you have seen.
                   A       B       C       D       E      F
               +-------+-------+-------+-------+-------+----------------------
         Total | 100.0 | 100.0 |   N/A |   N/A | 100.0 | 196.7
       Dungeon | 100.0 | 100.0 |   N/A |   N/A | 100.0 | 229.5
               +-------+-------+-------+-------+-------+----------------------

Vault maps used:
D:1:      dpeg_arrival_ternary, minivault_14
D:2:      serial_glass, glass_columns_c, glass_columns_b, glass_columns_b,
          glass_columns_b, glass_columns_c, glass_columns_b, first_ration
D:3:      lemuel_castle_with_subvaults, kennysheep_slug_shrine, uniq_ijyb
D:4:      grunt_decor_cap, uniq_natasha
D:6:      nicolae_tso_besieged_by_evil, gammafunk_temple_of_torment,
          temple_statues, uniq_edmund
Abyss:1:  evilmike_abyss_exit_smiterflies, hangedman_abyss_river_spirits
